 Dungeon Crawl Stone Soup version 0.16.1-11-g651b585 (webtiles) character file.

120 hulla the Changer (level 5, -2/33 HPs)
             Began as an Octopode Transmuter on Apr 7, 2015.
             Slain by an adder (3 damage)
             ... on level 3 of the Dungeon.
             The game lasted 00:09:50 (2999 turns).

hulla the Changer (Octopode Transmuter)             Turns: 2999, Time: 00:09:50

Health: -2/33      AC:  2    Str:  9    XL:     5   Next: 4%
Magic:  5/8        EV: 20    Int: 16    God:
Gold:   86         SH:  0    Dex: 18    Spells: 3 memorised, 2 levels left

rFire  + . .     SeeInvis +       - Unarmed
rCold  x . .     Clarity  .     (shield currently unavailable)
rNeg   . . .     SustAb   .     (helmet currently unavailable)
rPois  x         Gourm    .     (no amulet)
rElec  .         Spirit   .     e - ring of wizardry
rCorr  .         Warding  .     g - ring of fire
rMut   .         Stasis   .     (no ring)
MR     .....                    (no ring)
Stlth  ++........               (no ring)
                                (no ring)
                                (no ring)
                                (no ring)

@: lethally poisoned (-2 -> -23), spider-form, not resistant to hostile
enchantments, unstealthy
A: almost no armour, amphibious, 8 rings, (constrict 8), (icy blue scales 0),
(camouflage 0), see invisible, low mp 1, (gelatinous body 0)
a: End Transformation


You were on level 3 of the Dungeon.
You were not hungry.
You were a venomous arachnid creature.
You visited 1 branch of the dungeon, and saw 3 of its levels.

You collected 86 gold pieces.

Inventory:

Hand weapons
 f - a +0 hunting sling
 k - a +0 blowgun
Missiles
 b - 12 arrows
 c - 71 stones (quivered)
 l - 12 poisoned needles
Jewellery
 e - a ring of wizardry (left front leg)
 g - a ring of fire (right front leg)
Scrolls
 i - a scroll of identify
 m - a scroll of fog
Books
 d - a book of Changes

   Spells                             Type                      Level
   a - Beastly Appendage              Transmutation                1
   b - Sticks to Snakes               Transmutation                2
   c - Spider Form                    Transmutation/Poison         3
   d - Ice Form                       Ice/Transmutation            4
   e - Blade Hands                    Transmutation                5
Comestibles
 a - a bread ration
 h - a royal jelly
 j - 2 chunks of flesh
 o - a meat ration


   Skills:
 - Level 1.0 Fighting
 - Level 2.0 Dodging
 - Level 3.0 Unarmed Combat
 - Level 2.0 Spellcasting
 + Level 5.0 Transmutations


You had 2 spell levels left.
You knew the following spells:

 Your Spells              Type           Power        Failure   Level  Hunger
a - Beastly Appendage     Trmt           ###...       4%          1    #......
b - Spider Form           Trmt/Pois      #.........   17%         3    ###....
c - Sticks to Snakes      Trmt           ###.......   6%          2    ###....


Dungeon Overview and Level Annotations

Branches:
Dungeon (3/15)

Altars:


Innate Abilities, Weirdness & Mutations

You cannot wear most types of armour.
You are amphibious.
You can wear up to eight rings at the same time.
((You can use your tentacles to constrict many enemies at once.))
((Your skin changes colour to match your surroundings (Stealth).))
((Your rubbery body absorbs attacks (AC +1).))
((You are partially covered in icy blue scales (AC +1).))
You have supernaturally acute eyesight.
Your magical capacity is low (-10% MP).


Message History

You aren't carrying any potions.
You closely miss the adder.
The adder is almost dead.
* * * LOW HITPOINT WARNING * * *
You feel sick. The adder completely misses you. The adder closely misses you.
Unknown command.
Read which item? (? for menu, Esc to quit)
Okay, then.
You closely miss the adder.
The adder is almost dead.
* * * LOW HITPOINT WARNING * * *
You feel sick. The adder bites you.
* * * LOW HITPOINT WARNING * * *
You are more poisoned.
The adder poisons you!
You completely miss the adder.
The adder is almost dead.
* * * LOW HITPOINT WARNING * * *
You feel sick. The adder bites you.
You die...

##### ..[.. .....
#.#.# #S#.# ##s#.#
#..#.# #.##.####.#.
#............ .
#.####.##############
#####+##
#....................
........#
######.#<.....#######
........#
#.#.............
........#
#######.#.###.........


You could see an adder.

Vanquished Creatures
  Natasha (D:3)
  4 adders
  2 worms
  A giant gecko (D:1)
  2 giant cockroaches (D:1)
  6 hobgoblins
  11 jackals
  6 kobolds
  A quokka (D:2)
  A ball python (D:2)
  4 bats
  A giant newt (D:2)
  4 goblins
  4 rats (D:2)
48 creatures vanquished.

Notes
Turn   | Place    | Note
--------------------------------------------------------------
     0 | D:1      | hulla, the Octopode Transmuter, began the quest for the Orb.
     0 | D:1      | Reached XP level 1. HP: 13/13 MP: 3/3
   666 | D:1      | Reached XP level 2. HP: 16/18 MP: 2/4
  1155 | D:2      | Reached XP level 3. HP: 15/23 MP: 4/6
  1163 | D:2      | Learned a level 3 spell: Spider Form
  1166 | D:2      | Learned a level 2 spell: Sticks to Snakes
  1839 | D:2      | Reached skill level 4 in Transmutations
  2211 | D:2      | Gained mutation: Your magical capacity is low (-10% MP). [potion of mutation]
  2211 | D:2      | Gained mutation: You have supernaturally acute eyesight. [potion of mutation]
  2211 | D:2      | Gained mutation: You are partially covered in icy blue scales (AC +1). [potion of mutation]
  2239 | D:2      | Reached XP level 4. HP: 25/28 MP: 4/6
  2548 | D:3      | Noticed Natasha
  2558 | D:3      | Killed Natasha
  2828 | D:3      | Reached skill level 5 in Transmutations
  2828 | D:3      | Reached XP level 5. HP: 28/33 MP: 8/8
  2999 | D:3      | HP: 1/33 [poisoned by an adder]
  2999 | D:3      | Slain by an adder

Action                   |  1- 3 |  4- 6 || total
-------------------------+-------+-------++-------
Melee: Unarmed           |    76 |    58 ||   134
Throw: Stone             |     9 |       ||     9
 Cast: Beastly Appendage |    13 |     6 ||    19
       Spider Form       |     3 |     5 ||     8
  Use: Scroll            |     5 |       ||     5
       Potion            |     4 |       ||     4
 Stab: Sleeping          |     3 |     1 ||     4
  Eat: Chunk             |     5 |     3 ||     8
